 Dungeon Crawl Stone Soup version 0.30-a0-570-g486de37d69 (webtiles) character file.

Game seed: 11146777666791514805

117 tilp the Covered (level 5, -1/46 HPs)
             Began as a Meteoran Fighter on Dec 29, 2022.
             Splashed by a jelly's acid (9 damage)
             ... on level 4 of the Dungeon.
             The game lasted 00:02:12 (272 turns).

tilp the Covered (Meteoran Fighter)                  Turns: 272, Time: 00:02:13

Health: -1/46      AC:  5    Str: 17    XL:     5   Next: 47%
Magic:  6/6        EV:  7    Int: 10    God:
Gold:   43         SH:  5    Dex: 15    Spells: 4/4 levels left

rFire   . . .      SeeInvis .    a - +0 long sword
rCold   . . .      Faith    .    c - +0 buckler
rNeg    . . .      Spirit   .    e - +0 chain mail
rPois   .          Reflect  .    (no helmet)
rElec   .          Harm     .    (no cloak)
rCorr   .          Rampage  .    (no gloves)
Will    .....                    (no boots) Stlth
                                 (no amulet)
HPRegen 0.27/turn                (no ring)
MPRegen 0.10/turn                (no ring)

@: corroded, glowing
A: sense surroundings 1, otherworldly, glowing, explore regen
a: no special abilities


You were on level 4 of the Dungeon.
You visited 1 branch of the dungeon, and saw 5 of its levels.

You collected 43 gold pieces.

Inventory:

Hand Weapons
 a - a +0 long sword (weapon)
Armour
 c - a +0 buckler (worn)
 e - a +0 chain mail (worn)
Wands
 d - a wand of polymorph (8)
Scrolls
 b - a scroll of noise {unknown}
 g - a scroll of immolation {unknown}
 h - a scroll of enchant weapon {unknown}
Potions
 f - a potion of resistance {unknown}
 i - a potion of flight {unknown}


   Skills:
 + Level 3.8 Fighting
 + Level 3.2 Long Blades
 - Level 4.0 Armour
 * Level 3.1 Dodging
 + Level 1.1 Stealth
 - Level 4.0 Shields


You had 4 spell levels left.
You didn't know any spells.
Your spell library was empty.

Dungeon Overview and Level Annotations

Branches:
Dungeon (5/15) Zot: 2706
 Temple: D:4-7

Altars:

Annotations:
D:2 Sigmund


Innate Abilities, Weirdness & Mutations

You passively map a small area around you.
You are easily found by Zot.
You glow in the dark.
You regain HP and MP as you explore.


Message History

There is a stone staircase leading down here.
You feel a little less mighty now.
You climb downwards.
You hear the sound of rushing water.
There is an entrance to a sewer on this level.
Hurry and find it before the portal rusts away!
The centaur shouts!
The jelly quivers.
Found a scroll labelled KIOJID QUGECSI.
There is a stone staircase leading up here.
Unknown command.
Aiming: Polymorph
Press: ? - help, Shift-Dir - straight line, f - centaur
Aim: a centaur (will become a scorpion, a boggart, or an adder, chance to affect: 49%)
The centaur resists with some effort.
An orc wizard comes into view. It is wielding a +0 dagger.
An orc priest comes into view.
It is wielding a +0 flail and wearing a +2 leather armour of cold resistance.
An orc priest comes into view. It is wielding a +0 club.
Unknown command.
The orc priest shouts! x2
The centaur wields a +0 shortbow.
The centaur shoots an arrow.
The arrow hits you. The jelly hits you. The acid corrodes you!
You are splashed with acid!
You climb upwards.
There is a stone staircase leading down here.
Unknown command.
You hit the jelly.
Your hands burn!
The jelly is lightly wounded.
The jelly hits you.
You are splashed with acid!
* * * LOW HITPOINT WARNING * * *
You slash the jelly!
Your hands burn!
* * * LOW HITPOINT WARNING * * *
The jelly is heavily wounded.
The jelly hits you but does no damage.
You hit the jelly.
Your hands burn!
* * * LOW HITPOINT WARNING * * *
The jelly is almost dead.
The jelly hits you.
* * * LOW HITPOINT WARNING * * *
You are splashed with acid!
You die...

... #.......#,....
....#.......##....
*
..................
.......<..).......
,
.......)[........,
,
.............#...
.............#, ..
.............#<...
.##......#@.....$.
#.....##J....#.#
..#........#.## ,
..#.......#### ,
##...#### #..# ,
,*.. , , ,.. * ,


You could see a jelly.

Vanquished Creatures
  An orc priest (D:3)
  An orc wizard (D:4)
  Ijyb (D:3)
  An adder (D:3)
  3 dart slugs
  3 orcs
  A ball python (D:4)
  An endoplasm (D:3)
  A hobgoblin (D:1)
  4 jackals (D:3)
  A quokka (D:1)
  A frilled lizard (D:3)
  A goblin (D:3)
20 creatures vanquished.

Notes
Turn   | Place    | Note
-------+----------+-------------------------------------------
     0 | D:1      | tilp the Meteoran Fighter began the quest for the Orb.
     0 | D:1      | Reached XP level 1. HP: 19/19 MP: 2/2
    86 | D:2      | Reached XP level 2. HP: 26/26 MP: 3/3
    91 | D:3      | Reached skill level 1 in Dodging
   104 | D:3      | Reached XP level 3. HP: 31/31 MP: 4/4
   121 | D:2      | Noticed Sigmund
   198 | D:3      | Identified the +4 spear "Guegapt" {vamp, rElec rF- rN+
                  | rCorr}
   198 | D:3      | Noticed Ijyb
   205 | D:3      | Killed Ijyb
   206 | D:3      | Reached XP level 4. HP: 38/38 MP: 5/5
   252 | D:3      | Reached skill level 1 in Stealth
   252 | D:3      | Reached XP level 5. HP: 40/46 MP: 6/6
   266 | D:5      | Entered Level 5 of the Dungeon
   266 | D:5      | Noticed a centaur
   272 | D:4      | Splashed by a jelly's acid

Illustrated notes

Levels and vault maps discovered:
D:1:      giann_wishing_wells, layout_loops_ring, st_stairs_6
D:2:      minmay_diamond_boxcup, layout_rooms, basic_altar,
          shapermc_ecumenical_altar_flowoftime, uniq_sigmund
D:3:      layout_rooms, uniq_ijyb
D:4:      layout_cave_pools, uniq_edmund
D:5:      layout_rooms, gup_sewer_entry_pipe, uniq_grinder, uniq_eustachio

Skill      XL: |  1  2  3  4  5 |
---------------+----------------+-----
Dodging        | 1 2 3 |  3.1
Armour         | 4 |  4.0
Long Blades    | 3 |  3.2
Stealth        | 1 |  1.1
Shields        | 4 |  4.0
Fighting       | |  3.8

Action                   |  1- 3 |  4- 6 || total
-------------------------+-------+-------++-------
Melee: Long sword        |    47 |    16 ||    63
Evoke: Wand              |       |     1 ||     1
  Use: Potion            |     1 |       ||     1
Armor: Chain mail        |    32 |    14 ||    46
       Scale mail        |     3 |       ||     3
Dodge: Dodged            |    11 |     7 ||    18
Block: Buckler           |    13 |     9 ||    22

Table legend: (Time is in decaauts)
 A = Elapsed time spent in this place.
 B = Non-inter-level travel time spent in this place.
 C = Inter-level travel time spent in this place.
 D = Time resting spent in this place.
 E = Time spent auto-exploring this place.
 F = Levels seen in this place.
 G = Mean time per level.
                   A        B        C        D        E       F      G
               +--------+--------+--------+--------+--------+-----+--------+
         Total |    291 |    291 |      0 |      0 |      0 |   5 |   58.2 |
       Dungeon |    291 |    291 |      0 |      0 |      0 |   5 |   58.2 |
               +--------+--------+--------+--------+--------+-----+--------+

Top non-repeatable levels by time:
     D:3: 163 daAuts
     D:1: 74 daAuts
     D:4: 27 daAuts
     D:2: 23 daAuts
     D:5: 2 daAuts
